 Dungeon Crawl Stone Soup version 0.20-a0-2-g2b0e13a (console) character file.

7951 brucemayne the Cleaver (level 11, -6/81 HPs)
             Began as a Demonspawn Berserker on Oct 29, 2016.
             Was an Elder of Trog.
             Mangled by a sun demon (17 damage)
             ... summoned by an orc sorcerer
             ... on level 2 of the Orcish Mines.
             The game lasted 00:21:46 (4377 turns).

brucemayne the Cleaver (Demonspawn Berserker)       Turns: 4377, Time: 00:21:47

Health: -6/81      AC: 16    Str: 20    XL:     11   Next: 3%
Magic:  0/11       EV: 11    Int: 10    God:    Trog [****..]
Gold:   764        SH:  0    Dex: 12    Spells: 0 memorised, 10 levels left

rFire  . . .     SeeInvis .     H - +0 war axe
rCold  + . .     Gourm    .     x - +0 plate armour
rNeg   + . .     Faith    .     (no shield)
rPois  +         Spirit   +     (helmet restricted)
rElec  .         Reflect  .     y - +0 cloak {rPois}
rCorr  .         Harm     .     (no gloves)
MR     .....                    z - +0 pair of boots
Stlth  ..........               v - amulet of guardian spirit
                                G - ring of positive energy
                                l - +5 ring of evasion

@: exhausted, slowed, very slow
A: antennae 1, slimy green scales 1, cold resistance 1, demonic guardian 1,
freezing cloud immunity
a: Berserk, Trog's Hand, Brothers in Arms, Burn Spellbooks, Renounce Religion


You were on level 2 of the Orcish Mines.
You worshipped Trog.
Trog was greatly pleased with you.
You were very hungry.

You visited 3 branches of the dungeon, and saw 13 of its levels.

You collected 958 gold pieces.
You spent 194 gold pieces at shops.

Inventory:

Hand Weapons
 a - a +0 hand axe
 h - a +2 flail of protection
 A - a +1 whip of electrocution
 H - a +0 war axe (weapon)
 I - a +1 hand axe of flaming
Missiles
 k - 17 poisoned needles
 D - a throwing net (quivered)
Armour
 b - a +0 animal skin
 i - a +0 scale mail
 j - a +0 ring mail
 x - a +0 plate armour (worn)
 y - a +0 cloak of poison resistance (worn)
 z - a +0 pair of boots (worn)
Jewellery
 l - a +5 ring of evasion (left hand)
 v - an amulet of guardian spirit (around neck)
 E - an uncursed ring of flight
 G - a ring of positive energy (right hand)
Scrolls
 e - 2 scrolls of random uselessness
 g - 9 scrolls of identify
 q - a scroll of blinking {unknown}
 r - 3 scrolls of magic mapping {unknown}
 w - a scroll of fog {unknown}
 B - a scroll of fear {unknown}
 F - 2 scrolls of remove curse
Potions
 c - a potion of degeneration {unknown}
 d - a potion of mutation {unknown}
 f - 3 potions of curing {unknown}
 m - a potion of berserk rage {unknown}
 o - a potion of cancellation {unknown}
 s - 2 potions of lignification {unknown}
 u - 2 potions of might {unknown}
 J - 2 potions of flight {unknown}
Books
 t - a book of Maledictions

   Spells                             Type                      Level
   a - Corona                         Hexes                        1
   b - Ensorcelled Hibernation        Hexes/Ice                    2
   c - Confuse                        Hexes                        3
   d - Tukima's Dance                 Hexes                        3
   e - Dazzling Spray                 Conjuration/Hexes            3
   Trog disapproves of the use of such an item.
Miscellaneous
 C - a crystal ball of energy
Comestibles
 n - 2 chunks of flesh
 p - 3 bread rations


   Skills:
 + Level 5.7 Fighting
 - Level 14.0 Axes
 + Level 4.6 Armour
 - Level 1.7 Dodging


You had 10 spell levels left.
You didn't know any spells.

Dungeon Overview and Level Annotations

Branches:
Dungeon (10/15)            Temple (1/1) D:6            Lair (0/6) D:8
    Orc (2/2) D:9
    Elf: Orc:2

Altars:
Ashenzari
Cheibriados
Dithmenos
Elyvilon
Fedhas
Gozag
Hepliaklqana
Kikubaaqudgha
Makhleb
Nemelex Xobeh
Okawaru
Qazlal
Ru
Sif Muna
Trog
Vehumet
Xom
Yredelemnul
Zin
The Shining One
Beogh

Shops:
D:6 [   D:9 [(


Innate Abilities, Weirdness & Mutations

You have a pair of small antennae on your head.
You are partially covered in slimy green scales. (AC +2)
Your flesh is cold resistant. (rC+)
A weak demonic guardian rushes to your aid.
You are immune to freezing clouds.


Message History

You hit the orc sorcerer. The orc sorcerer closely misses you.
Unknown command.
You hit the orc knight.
The orc knight is heavily wounded.
You closely miss the orc sorcerer.
You are no longer berserk.
You are exhausted.
You feel yourself slow down. The orc knight barely misses you.
Unknown command.
Okay, then.
Okay, then.
Your two-headed ogre goes berserk!
You are feeling very hungry.
The orc sorcerer casts a spell at you. The bolt of fire hits you!
* * * LOW HITPOINT WARNING * * *
The sun demon hits you!
* * * LOW HITPOINT WARNING * * *
You are engulfed in flames!!
You die...

#...{O.## ##........
###o#######. ##.......
#.....# #.#####.#....
+.._..# #....######..
#.....# #......####.
#.###o########........###
#.....#.....#..........##
#####.#o....#....<.......
{ #.'o@⌠O.#......)..[.)
+.#3)...#.........#))
#.#.))..#........#..)
#.###'###......###...
#.#.÷)..))....###..##
+.#..)........##..###
#.##.........##### #+
#.......### #.......#


You could see an orc knight, a sun demon, an orc sorcerer and a friendly
two-headed ogre (berserk).

Vanquished Creatures
  The ghost of feelmyfire the Carver, a novice MiFi of Okawaru (D:8)
  Pikel (D:8)
  2 two-headed ogres (Orc:2)
  A troll (Orc:1)
  A hippogriff (D:8)
  Sigmund (D:6)
  8 yaks (D:8)
  A basilisk (D:8)
  2 wargs (Orc:2)
  The ghost of removeelyvilon the Sneak, an amateur KoEn of Ashenzari (D:4)
  A soldier ant (D:8)
  2 porcupines (D:8)
  An ice beast (D:6)
  13 orc warriors
  A phantom (D:5)
  A necrophage (D:7)
  9 ogres
  A crocodile (D:8)
  A big kobold (D:7)
  2 bullfrogs
  A gnoll sergeant (Orc:2)
  5 howler monkeys
  A bullfrog zombie (D:7)
  3 crimson imps
  A jelly (D:7)
  9 orc priests
  16 orc wizards
  2 worker ants (D:4)
  Terence (D:2)
  A hound skeleton (D:5)
  2 gnolls (D:5)
  3 adders
  A howler monkey skeleton (D:5)
  4 river rats (D:8)
  3 shadow imps
  An adder zombie (D:4)
  A worm (D:3)
  A dart slug (D:2)
  3 leopard geckos
  57 orcs
  2 bats
  2 giant cockroaches
  A goblin (D:1)
  4 hobgoblins
  7 jackals
  4 quokkas
  4 frilled lizards
  10 kobolds
  6 rats
207 creatures vanquished.

Vanquished Creatures (collateral kills)
  The ghost of p0werm0de the Martial Artist, a novice OpGl of Uskayaw (D:6)
  A warg (Orc:2)
  A centaur (D:7)
  A crocodile (D:8)
  A howler monkey (D:8)
  A crimson imp (D:6)
  A gnoll (D:5)
  An orc (Orc:1)
  A kobold (D:7)
9 creatures vanquished.

Vanquished Creatures (others)
  A porcupine (D:8)
  4 slaves (D:8)
  2 worker ants (D:8)
  A fungus (D:8)
8 creatures vanquished.

Grand Total: 224 creatures vanquished

Notes
Turn   | Place    | Note
-------+----------+-------------------------------------------
     0 | D:1      | brucemayne the Demonspawn Berserker began the quest for the Orb.
     0 | D:1      | Reached XP level 1. HP: 18/18 MP: 1/1
   114 | D:1      | Reached skill level 3 in Axes
   134 | D:1      | Gained mutation: You are partially covered in slimy green scales. (AC +2) [demonic ancestry]
   134 | D:1      | Reached XP level 2. HP: 9/24 MP: 2/2
   319 | D:2      | Noticed Terence
   339 | D:2      | Killed Terence
   339 | D:2      | Reached skill level 4 in Axes
   339 | D:2      | Reached XP level 3. HP: 17/29 MP: 3/3
   574 | D:2      | Found a shattered altar of Ashenzari.
   576 | D:2      | Reached ** piety under Trog
   621 | D:3      | Reached XP level 4. HP: 33/35 MP: 4/4
   729 | D:4      | Noticed removeelyvilon's ghost (amateur KoEn)
   749 | D:4      | Killed removeelyvilon's ghost
   749 | D:4      | Reached skill level 5 in Axes
   749 | D:4      | Gained mutation: Your flesh is cold resistant. (rC+) [demonic ancestry]
   749 | D:4      | Reached XP level 5. HP: 41/41 MP: 5/5
   911 | D:4      | Reached skill level 6 in Axes
   964 | D:5      | Entered Level 5 of the Dungeon
  1015 | D:5      | Gained mutation: A weak demonic guardian rushes to your aid. [demonic ancestry]
  1015 | D:5      | Reached XP level 6. HP: 39/47 MP: 6/6
  1109 | D:5      | Reached skill level 7 in Axes
  1168 | D:5      | Reached XP level 7. HP: 37/52 MP: 7/7
  1384 | D:6      | Noticed p0werm0de's ghost (novice OpGl)
  1393 | D:6      | Killed p0werm0de's ghost
  1393 | D:6      | Reached skill level 8 in Axes
  1398 | D:6      | Reached skill level 9 in Axes
  1398 | D:6      | Reached XP level 8. HP: 58/58 MP: 8/8
  1585 | D:6      | Noticed Sigmund
  1598 | D:6      | Killed Sigmund
  1598 | D:6      | Reached *** piety under Trog
  1628 | D:6      | Found Witafede's Armour Shoppe.
  1637 | D:6      | Bought a +0 cloak of poison resistance for 127 gold pieces
  1642 | D:6      | Bought a +0 pair of boots for 67 gold pieces
  1728 | D:6      | Found a staircase to the Ecumenical Temple.
  1735 | Temple   | Entered the Ecumenical Temple
  2110 | D:7      | Reached skill level 10 in Axes
  2334 | D:8      | Noticed Pikel
  2344 | D:8      | Killed Pikel
  2344 | D:8      | Reached skill level 11 in Axes
  2344 | D:8      | Reached XP level 9. HP: 63/63 MP: 9/9
  2353 | D:8      | Noticed feelmyfire's ghost (novice MiFi)
  2457 | D:8      | Killed feelmyfire's ghost
  2536 | D:8      | Reached skill level 12 in Axes
  2667 | D:8      | Reached skill level 13 in Axes
  2677 | D:8      | Gained mutation: You have a pair of small antennae on your head. [demonic ancestry]
  2677 | D:8      | Reached XP level 10. HP: 44/70 MP: 6/10
  2930 | D:8      | Reached **** piety under Trog
  3016 | D:8      | Found a staircase to the Lair.
  3175 | D:9      | Found Jiuniamm's Armour Shop.
  3268 | D:9      | Found a staircase to the Orcish Mines.
  3275 | D:9      | Found Xotu's Weapon Shop.
  3340 | D:10     | Entered Level 10 of the Dungeon
  3407 | Orc:1    | Entered Level 1 of the Orcish Mines
  3530 | D:9      | Reached skill level 14 in Axes
  3750 | Orc:2    | Entered Level 2 of the Orcish Mines
  3752 | Orc:2    | Received a gift from Trog
  4149 | Orc:2    | Reached skill level 5 in Fighting
  4167 | Orc:2    | Found a roughly hewn altar of Beogh.
  4241 | Orc:2    | Reached ***** piety under Trog
  4297 | Orc:2    | Gained mutation: You are immune to freezing clouds. [demonic ancestry]
  4297 | Orc:2    | Reached XP level 11. HP: 80/80 MP: 6/11
  4339 | Orc:2    | Noticed an orc sorcerer
  4339 | Orc:2    | Noticed an orc knight
  4372 | Orc:2    | Noticed a sun demon
  4377 | Orc:2    | Mangled by a sun demon

Vault maps used:
D:1:      minmay_arrival_hallway, minmay_small_reverse_x
D:2:      ashenzari_conservatory_becter, uniq_terence
D:3:      serial_park_tiny_pond, grunt_dithmenos_smoke_and_mirrors
D:4:      first_bread, grunt_tough_drop
D:5:      kennysheep_potato
D:6:      serial_shops, shop_fountains, uniq_grinder, uniq_sigmund
D:8:      kennysheep_blocky_hall, minmay_lair_entry_grove, nrook_uturn,
          hangedman_pestilent_swarm, uniq_pikel
D:9:      orc_david_3
Temple:   regret_index_temple_chain_breaker
Orc:2:    pubby_orc_utopia

Skill      XL: |  1  2  3  4  5  6  7  8  9 10 |
---------------+-------------------------------+-----
Axes           | 3 4 5 6 7 9 11 13 14 | 14.0
Armour         | 4 |  4.6
Fighting       | 5 |  5.7
Dodging        | |  1.7

Action                   |  1- 3 |  4- 6 |  7- 9 | 10-12 || total
-------------------------+-------+-------+-------+-------++-------
Melee: Hand axe          |   101 |   102 |   266 |    98 ||   567
       War axe           |       |       |       |   222 ||   222
Invok: Berserk           |     3 |     3 |     6 |    15 ||    27
       Trog's Hand       |     1 |     2 |     4 |     6 ||    13
       Brothers in Arms  |       |       |       |     1 ||     1
  Use: Scroll            |       |       |     3 |       ||     3
 Stab: Distracted        |       |       |     3 |       ||     3
  Eat: Chunk             |     1 |     2 |     3 |    15 ||    21
       Bread ration      |       |     1 |       |     1 ||     2
       Pizza             |       |       |     2 |       ||     2
       Meat ration       |       |       |     1 |       ||     1
       Royal jelly       |       |       |     1 |       ||     1
       Beef jerky        |       |       |       |     1 ||     1
Armor: Animal skin       |    18 |       |       |       ||    18
       Scale mail        |    11 |    38 |     1 |       ||    50
       Plate armour      |       |       |   120 |   113 ||   233
Dodge: Dodged            |    76 |    65 |   122 |   122 ||   385
